[Event "*** Titled Tuesday Blitz"]
[Site "Chess.com"]
[Date "2020.11.03"]
[Round "11"]
[White "Legendinunknown"]
[Black "FontVella8"]
[Result "1-0"]
[WhiteElo "2697"]
[BlackElo "2505"]
[TimeControl "180+1"]
[EndTime "12:09:02 PST"]
[Termination "Legendinunknown won by checkmate"]

1. d4 d5 2. c4 e6 3. Nc3 c6 4.
Nf3 Nf6 5. Bg5 h6 6. Bh4 dxc4 7. e4 g5 8. Bg3 b5 9. Be2 Nbd7 10. O-O Bb7 11.
Ne5 Be7 12. f4 Qb6 13. fxg5 hxg5 14. Nxd7 Nxd7 15. e5 Rf8 16. Bh5 O-O-O 17. Bxf7 Nc5 18. Kh1 Nd3 19. Bxe6+ Kb8 20. Ne2 c5 21. d5 Rxd5 22. Rxf8+ Bxf8 23. Bxd5 Bxd5 24. Qf1 Be7 25. Nc3 Bb7 26.
Qf7 Qc6 27. Rg1 Bd8 28. e6+ Nf4 29. e7 Bxe7 30. Qxe7 b4 31. Qxg5 bxc3 32. Qxf4+ Kc8 33. bxc3 Qd5 34. Qc7# 1-0

[Event "*** Titled Tuesday Blitz"]
[Site "Chess.com"]
[Date "2020.11.03"]
[Round "11"]
[White "TrickyFortem"]
[Black "marabu44"]
[Result "0-1"]
[WhiteElo "2495"]
[BlackElo "2265"]
[TimeControl "180+1"]
[EndTime "12:09:03 PST"]
[Termination "marabu44 won by checkmate"]

1. c4 e6 2. b3 d5 3. Bb2 Nf6 4. Nf3 c5 5. e3 Nc6 6. Be2 g6 7. g4 Bg7 8. h4 d4 9. exd4 cxd4 10. g5 Ne4 11. d3 Nc5 12. a3 a5 13. Nbd2 e5 14.
h5 gxh5 15. Rxh5 Bf5 16. Nf1 Bg6 17. Rh2 O-O 18. Ng3 Qd6 19. Nh4 e4 20. Kf1 Qf4 21.
Bc1 e3 22. Kg1 Qxg5 23. Kh1 Rae8 24. Nf3 Qe7 25. Ra2 f5 26. Nh5 f4 27. Qg1 Ne5 28.
Nxg7 Qxg7 29. fxe3 fxe3 30. Nxd4 Nexd3 31. Bxd3 Nxd3 32. Bxe3 Rxe3 33. Qxe3 Be4+ 34. Qxe4 Rf1# 0-1

[Event "*** Titled Tuesday Blitz"]
[Site "Chess.com"]
[Date "2020.11.03"]
[Round "11"]
[White "Flawless_Fighter"]
[Black "LisikValera"]
[Result "1-0"]
[WhiteElo "2656"]
[BlackElo "2532"]
[TimeControl "180+1"]
[EndTime "12:09:06 PST"]
[Termination "Flawless_Fighter won by resignation"]

1. d4 d5 2. c4 c6 3. Nf3 Nf6 4.
Nc3 e6 5. Bg5 dxc4 6. a4 Bb4 7.
e3 b5 8. Be2 Bb7 9. O-O a6 10.
Ne5 Nbd7 11. Bf3 Bxc3 12. bxc3 Nxe5 13. dxe5 Qxd1 14. Rfxd1 Nd5 15. Rdc1 h6 16. Bh4 g5 17.
Bg3 O-O-O 18. h4 Nb6 19. a5 Nd7 20. Bh5 Rhf8 21. Rd1 Nc5 22. Rxd8+ Kxd8 23. Rd1+ Ke7 24. hxg5 hxg5 25. f4 Nb3 26. fxg5 b4 27. g6 bxc3 28. Bh4+ f6 29. exf6+ Rxf6 30. g7 c2 31. Rf1 c1=Q 32.
Bxf6+ 1-0

[Event "*** Titled Tuesday Blitz"]
[Site "Chess.com"]
[Date "2020.11.03"]
[Round "11"]
[White "korbul"]
[Black "Qvalda"]
[Result "0-1"]
[WhiteElo "2519"]
[BlackElo "2410"]
[TimeControl "180+1"]
[EndTime "12:09:08 PST"]
[Termination "Qvalda won by resignation"]

1. e4 e6 2. d4 d5 3. Nc3 h6 4. Nf3 Nf6 5. Bd3 Bb4 6. Qe2 dxe4 7. Bxe4 Nxe4 8. Qxe4 Nc6 9. O-O Bxc3 10. bxc3 O-O 11.
Rb1 Qd5 12. Qe2 a6 13. Bf4 Qa5 14. Qe3 Ne7 15. Ne5 Nd5 16. Qg3 Qxc3 17. Nf3 Nxf4 18.
Qxf4 Qxc2 19. Rbc1 Qxa2 20. Rxc7 e5 21. Nxe5 Be6 22. Rxb7 a5 23. Nd7 Bxd7 24. Rxd7 a4 25. d5 a3 26. Qd4 Qb2 27. Qc5 a2 28. Ra7 a1=Q 0-1

[Event "*** Titled Tuesday Blitz"]
[Site "Chess.com"]
[Date "2020.11.03"]
[Round "11"]
[White "sjam6687"]
[Black "m_ezat"]
[Result "1-0"]
[WhiteElo "2699"]
[BlackElo "2539"]
[TimeControl "180+1"]
[EndTime "12:09:09 PST"]
[Termination "sjam6687 won by checkmate"]

1. d4 Nf6 2. c4 g6 3. Nc3 Bg7 4. e4 d6 5. Be2 O-O 6. h4 h5 7.
f3 c5 8. d5 e6 9. Bf4 exd5 10.
cxd5 Re8 11. Nb5 Bf8 12. Qd2 a6 13. Nc3 b5 14. a4 b4 15. Nd1 Nbd7 16. Nh3 Ne5 17.
Ndf2 Bg7 18. a5 Bd7 19. O-O Bb5 20. g4 hxg4 21. fxg4 Qd7 22. Bxe5 Rxe5 23. Ng5 Rae8 24. Bxb5 Qxb5 25. Qf4 Qc4 26. Rae1 R8e7 27. Qf3 Nh7 28.
Nxh7 Kxh7 29. h5 gxh5 30. gxh5 Rg5+ 31. Kh1 Ree5 32. Rg1 Rxh5+ 33. Nh3 Reg5 34. Rxg5 Rxg5 35. Nxg5+ Kg6 36. Qf5+ Kh5 37. Nxf7+ Kh4 38. Qg5+ Kh3 39. Re3# 1-0

[Event "*** Titled Tuesday Blitz"]
[Site "Chess.com"]
[Date "2020.11.03"]
[Round "11"]
[White "ljuks68"]
[Black "infinitegiantkiller"]
[Result "0-1"]
[WhiteElo "2365"]
[BlackElo "2472"]
[TimeControl "180+1"]
[EndTime "12:09:09 PST"]
[Termination "infinitegiantkiller won by checkmate"]

1. e4 e6 2. d4 d5 3. Nc3 Nf6 4. Bg5 Be7 5. e5 Nfd7 6. h4 O-O 7. Qg4 f5 8. Bxe7 Qxe7 9. Qg5 Qxg5 10. hxg5 g6 11.
O-O-O a6 12. Nce2 c5 13. c3 Nc6 14. Nf3 b5 15. Nf4 Re8 16. Kb1 Bb7 17. Be2 c4 18. Rh4 Nf8 19. g4 Ne7 20. Nh2 a5 21. Rh3 b4 22.
gxf5 Nxf5 23. Ng4 Bc6 24. Nf6+ Kg7 25. Rdh1 Re7 26. Nxh7 Nxh7 27. Rxh7+ Kg8 28. Rxe7 Nxe7 29. Nxe6 Bd7 30. Nf4 Bf5+ 31. Kc1 bxc3 32. bxc3 Rb8 33. Kd2 Rb2+ 34. Ke3 Be4 35. Bf3 Nf5# 0-1

[Event "*** Titled Tuesday Blitz"]
[Site "Chess.com"]
[Date "2020.11.03"]
[Round "11"]
[White "lamomiablanca"]
[Black "GAusal"]
[Result "1-0"]
[WhiteElo "2280"]
[BlackElo "2091"]
[TimeControl "180+1"]
[EndTime "12:09:09 PST"]
[Termination "lamomiablanca won by checkmate"]

1. e4 c5 2. d3 e6 3. g3 d6 4.
Bg2 Nc6 5. f4 g6 6. Nf3 Bg7 7.
O-O Nge7 8. c3 O-O 9. Be3 Rb8 10. d4 cxd4 11. cxd4 d5 12. e5 Nf5 13. Bf2 h5 14.
Nc3 a6 15. Rc1 Bd7 16. h3 b5 17. g4 hxg4 18. hxg4 Nfe7 19. Bh4 Qa5 20. a3 b4 21. Na4 Nxe5 22. fxe5 Bxa4 23. b3 Bb5 24. Bxe7 Rfe8 25. Bxb4 Qb6 26. Re1 a5 27. Bc5 Qb7 28. Qd2 Qa6 29.
Kf2 Bf8 30. Bxf8 Rxf8 31. Rh1 f6 32. Qh6 Kf7 33. Rc7+ Ke8 34. Qxf8+ Kxf8 35. Rh8# 1-0

[Event "*** Titled Tuesday Blitz"]
[Site "Chess.com"]
[Date "2020.11.03"]
[Round "11"]
[White "AurumO"]
[Black "picturesquecheck"]
[Result "0-1"]
[WhiteElo "1960"]
[BlackElo "2122"]
[TimeControl "180+1"]
[EndTime "12:09:09 PST"]
[Termination "picturesquecheck won on time"]

1. e4 c5 2. c3 d5 3. exd5 Qxd5 4. d4 Nc6 5. Nf3 Bf5 6. c4 Qe4+ 7. Be3 cxd4 8. Nxd4 O-O-O 9. Nc3 Rxd4 10. Nxe4 Rxd1+ 11. Rxd1 Bxe4 12. f3 Bg6 13. a3 e6 14. Be2 Nf6 15. O-O Be7 16. b4 b6 17. c5 bxc5 18.
Rc1 Kb7 19. bxc5 Rd8 20. Rb1+ Bxb1 21. Rxb1+ Ka8 22. Ba6 Rb8 23. Rd1 Nd5 24. Bf2 Rb2 25.
Bc4 Nf4 26. Ba6 Nd5 27. h3 Rxf2 28. Kxf2 Bxc5+ 29. Kg3 Bxa3 30. Rb1 Bd6+ 31. Kf2 Nb6 32. Bb5 Nd4 33. Ba6 e5 34. Ke3 f5 35. f4 Nc2+ 0-1

[Event "*** Titled Tuesday Blitz"]
[Site "Chess.com"]
[Date "2020.11.03"]
[Round "11"]
[White "Chessdreamer2020"]
[Black "SergeyShtyka"]
[Result "1-0"]
[WhiteElo "2513"]
[BlackElo "2385"]
[TimeControl "180+1"]
[EndTime "12:09:11 PST"]
[Termination "Chessdreamer2020 won by resignation"]

1. e4 c5 2. Nf3 Nc6 3. Bb5 Nd4 4.
Nxd4 cxd4 5. O-O e6 6. d3 Bc5 7.
f4 Ne7 8. Nd2 a6 9. Bc4 b5 10.
Bb3 d5 11. Qh5 Bb7 12. f5 exf5 13. exf5 O-O 14. f6 gxf6 15. Nf3 Ng6 16. Nh4 Nxh4 17. Qxh4 f5 18. Bg5 f6 19. Bh6 Rf7 20. Rxf5 Bf8 21. Raf1 Bxh6 22. Qxh6 Qf8 23. Qh4 Kg7 24. Rh5 Kh8 25. Qxd4 Qg7 26. Rhf5 Rg8 27. g3 Rgf8 28. Bxd5 Bxd5 29. Qxd5 Qg4 30. R5f4 Qg6 31. Qd4 Kg8 32. Rg4 1-0

[Event "*** Titled Tuesday Blitz"]
[Site "Chess.com"]
[Date "2020.11.03"]
[Round "11"]
[White "Tomekas1"]
[Black "A-S-00"]
[Result "0-1"]
[WhiteElo "2445"]
[BlackElo "2345"]
[TimeControl "180+1"]
[EndTime "12:09:11 PST"]
[Termination "A-S-00 won by checkmate"]

1. e4 c5 2. Nf3 Nc6 3. d4 cxd4 4. Nxd4 Nf6 5. Nc3 e6 6. Be3 Bb4 7. f3 d5 8. Nxc6 bxc6 9. exd5 exd5 10. Bd4 O-O 11. Be2 c5 12. Bxf6 Qxf6 13. O-O Bxc3 14.
bxc3 Qxc3 15. Qxd5 Rb8 16. Bd3 Bb7 17. Qf5 g6 18. Qg4 Rbd8 19. Rab1 Rd4 20. Qg5 Bd5 21. h4 Bxa2 22. Ra1 Rd5 23. Qe7 Re5 24. Qxa7 Qd4+ 25. Kh2 Qxh4+ 26. Kg1 Qd4+ 27. Kh2 Rh5+ 28. Kg3 Qh4# 0-1

[Event "*** Titled Tuesday Blitz"]
[Site "Chess.com"]
[Date "2020.11.03"]
[Round "11"]
[White "Baby_Legs"]
[Black "SGchess01"]
[Result "1-0"]
[WhiteElo "2756"]
[BlackElo "2854"]
[TimeControl "180+1"]
[EndTime "12:09:17 PST"]
[Termination "Baby_Legs won by resignation"]

1. Nf3 Nf6 2. e3 b6 3. c4 Bb7 4. b3 g6 5. Bb2 Bg7 6. Be2 O-O 7. O-O c5 8. d4 e6 9. dxc5 bxc5 10. Nbd2 Qe7 11. Qc2 Nc6 12. Rad1 d6 13. Nb1 Rad8 14.
Nc3 Nh5 15. Ne1 f5 16. Bxh5 gxh5 17. Ne2 e5 18. f4 h4 19. h3 Rf6 20. Nf3 Rg6 21.
Qxf5 Bc8 22. Qe4 Bxh3 23. Rf2 exf4 24. Qxe7 Nxe7 25. Nxf4 Bxb2 26. Rxb2 Bg4 27. Nxg6 Nxg6 28. Rbd2 Re8 29. Kf2 Rf8 30. Rxd6 h3 31. Rd8 hxg2 32. Rxf8+ Kxf8 33. Rg1 h5 34. Rxg2 Bxf3 35. Rxg6 1-0

[Event "*** Titled Tuesday Blitz"]
[Site "Chess.com"]
[Date "2020.11.03"]
[Round "11"]
[White "beautroll"]
[Black "Quiet_Desperation"]
[Result "0-1"]
[WhiteElo "2286"]
[BlackElo "1873"]
[TimeControl "180+1"]
[EndTime "12:09:17 PST"]
[Termination "Quiet_Desperation won by checkmate"]

1. e4 e6 2. d4 d5 3. Nc3 Nf6 4.
e5 Nfd7 5. f4 c5 6. Nf3 Nc6 7.
Be3 Be7 8. Qd2 O-O 9. O-O-O c4 10. f5 b5 11. g4 Nb6 12. f6 gxf6 13. Bh6 b4 14. Ne2 c3 15. Qf4 Nc4 16. Bxf8 Bxf8 17. exf6 Qa5 18. Qg5+ Kh8 19. bxc3 bxc3 20. Rd3 Qa3+ 21.
Kd1 Nb2+ 22. Ke1 Nxd3+ 23. cxd3 c2 24. Nc1 Rb8 25. Be2 Rb1 26. Kf2 Qb4 27. h4 Nxd4 28.
Ne5 Qb7 29. Qh5 Nxe2 30. Kxe2 d4 31. Nxf7+ Kg8 32. Ng5 Qg2+ 33. Ke1 Rxc1# 0-1

[Event "*** Titled Tuesday Blitz"]
[Site "Chess.com"]
[Date "2020.11.03"]
[Round "11"]
[White "Korchmar_Vasiliy"]
[Black "djano"]
[Result "1-0"]
[WhiteElo "2616"]
[BlackElo "2465"]
[TimeControl "180+1"]
[EndTime "12:09:20 PST"]
[Termination "Korchmar_Vasiliy won by resignation"]

1. e4 c5 2. Nf3 g6 3. d4 cxd4 4. Nxd4 Nc6 5. Be3 Bg7 6. c4 b6 7. Nc3 Bb7 8. Be2 Nf6 9. f3 O-O 10. O-O Rc8 11. Qd2 Nxd4 12. Bxd4 d6 13. Rac1 e5 14.
Be3 Qe7 15. Nb5 Rfd8 16. Nxa7 Ra8 17. Bxb6 Rd7 18. a4 Rxa7 19. Bxa7 Bxe4 20. Be3 Bc6 21. a5 d5 22. cxd5 Bxd5 23. Rc8+ Rd8 24. Rxd8+ Qxd8 25. a6 e4 26. a7 Bf8 27. b4 Qa8 28. b5 Bd6 29. b6 Qb7 30. Qd4 Nd7 31. Rd1 Bc5 32. Qxd5 Bxe3+ 33. Kf1 Qxd5 34. Rxd5 Nxb6 35. Rd8+ Kg7 36.
Rb8 1-0

[Event "*** Titled Tuesday Blitz"]
[Site "Chess.com"]
[Date "2020.11.03"]
[Round "11"]
[White "Morshynska"]
[Black "dopolian"]
[Result "0-1"]
[WhiteElo "2249"]
[BlackElo "2360"]
[TimeControl "180+1"]
[EndTime "12:09:21 PST"]
[Termination "dopolian won by checkmate"]

1. Nf3 Nf6 2. g3 b6 3. Bg2 Bb7 4. O-O c5 5. c4 g6 6. b3 Bg7 7.
Bb2 O-O 8. Nc3 d6 9. e3 Nbd7 10. d4 cxd4 11. exd4 Ne4 12. Nxe4 Bxe4 13. Qe2 Nf6 14. d5 Bf5 15. Nd4 Bd7 16. Rfe1 Re8 17. b4 Qc7 18. b5 a6 19. a4 axb5 20. axb5 Bg4 21. f3 Bd7 22. Nc6 e6 23. f4 Rxa1 24.
Rxa1 exd5 25. Qc2 Bxc6 26. cxd5 Qe7 27. bxc6 Ng4 28. Bxg7 Qe3+ 29. Kf1 Nxh2# 0-1

[Event "*** Titled Tuesday Blitz"]
[Site "Chess.com"]
[Date "2020.11.03"]
[Round "11"]
[White "WPWPWP-2015"]
[Black "TorFredrikKaasen"]
[Result "0-1"]
[WhiteElo "2529"]
[BlackElo "2730"]
[TimeControl "180+1"]
[EndTime "12:09:25 PST"]
[Termination "TorFredrikKaasen won on time"]

1. e4 c5 2. Nf3 d6 3. Bb5+ Bd7 4.
a4 Nf6 5. Qe2 Nc6 6. c3 a6 7.
Bc4 Bg4 8. d3 e6 9. h3 Bxf3 10.
gxf3 g6 11. Bg5 h6 12. Be3 Be7 13. Nd2 d5 14. Ba2 d4 15. Bf4 Nh5 16. Bh2 Bg5 17. Nb3 dxc3 18. bxc3 O-O 19. Rd1 Bf4 20. Bg1 Qf6 21. d4 cxd4 22. cxd4 Rfd8 23. e5 Qe7 24.
Kf1 Rac8 25. Bb1 Qb4 26. Qa2 Nxd4 27. Nxd4 Rxd4 28. Rxd4 Qxd4 29. Kg2 Bxe5 30. Bh2 Bxh2 31. Rxh2 Nf4+ 32. Kg3 Rc1 0-1

[Event "*** Titled Tuesday Blitz"]
[Site "Chess.com"]
[Date "2020.11.03"]
[Round "11"]
[White "BanjoKazooieN64"]
[Black "Heineccius"]
[Result "1-0"]
[WhiteElo "2401"]
[BlackElo "2511"]
[TimeControl "180+1"]
[EndTime "12:09:25 PST"]
[Termination "BanjoKazooieN64 won by resignation"]

1. e4 c5 2. Nc3 e6 3. Nf3 Nc6 4. d4 cxd4 5. Nxd4 Qc7 6. f4 a6 7.
Nf3 Bc5 8. Bd3 b5 9. a3 Nge7 10. Qe2 Qa7 11. e5 Ng6 12. h4 d5 13. exd6 Bxd6 14. Ne4 Bxf4 15. h5 Bxc1 16. hxg6 Bxb2 17. Rxh7 O-O 18. gxf7+ Rxf7 19. Rb1 Rf8 20. Rxb2 Rf7 21. Neg5 Rf6 22. Qe4 Rf5 23. Qxc6 Bd7 24. Qe4 Raf8 25. Qh4 Qe3+ 26. Kd1 Rxg5 27. Rh8+ Kf7 28. Nxg5+ Ke7 29. Ne4+ Rf6 30. Nxf6 Qg1+ 31. Kd2 gxf6 32. Rh7+ Kd6 33. Qxf6 Qxg2+ 34. Be2 Qg1 35. Rb3 Kc5 36. Rxd7 1-0

[Event "*** Titled Tuesday Blitz"]
[Site "Chess.com"]
[Date "2020.11.03"]
[Round "11"]
[White "MaxLeto"]
[Black "Margarita2907"]
[Result "1-0"]
[WhiteElo "2354"]
[BlackElo "2231"]
[TimeControl "180+1"]
[EndTime "12:09:25 PST"]
[Termination "MaxLeto won by resignation"]

1. g4 d5 2. Bg2 Bxg4 3. c4 Be6 4.
Qb3 Bc8 5. cxd5 Nf6 6. Nc3 g6 7.
d4 Bg7 8. e4 O-O 9. e5 Ne8 10.
Be3 c6 11. O-O-O Nc7 12. Nge2 cxd5 13. Nxd5 Nxd5 14. Bxd5 Nc6 15. Nc3 Bf5 16. Be4 Bxe4 17. Nxe4 Qc7 18. Kb1 Na5 19. Qa4 Rac8 20. Rc1 Qb6 21. d5 Qa6 22. Nc5 Rxc5 23. Bxc5 Qd3+ 24. Ka1 b6 25. Bxe7 Rb8 26. Rhd1 Qe2 27. f4 Nb7 28.
Qxa7 1-0

[Event "*** Titled Tuesday Blitz"]
[Site "Chess.com"]
[Date "2020.11.03"]
[Round "11"]
[White "pfalcon1949"]
[Black "PlotnikovPavel"]
[Result "1-0"]
[WhiteElo "2013"]
[BlackElo "2399"]
[TimeControl "180+1"]
[EndTime "12:09:25 PST"]
[Termination "pfalcon1949 won by checkmate"]

1. c4 e5 2. Nc3 Nf6 3. g3 Bc5 4. Bg2 d6 5. Nf3 Nc6 6. O-O O-O 7. e3 Bg4 8. d4 exd4 9. exd4 Nxd4 10. Be3 Nxf3+ 11. Bxf3 Bxe3 12. fxe3 Qd7 13. Nd5 Be6 14.
Nxf6+ gxf6 15. b3 Qe7 16. Bxb7 Rab8 17. Bg2 Kh8 18. Qf3 Kg7 19. Qf4 Rb4 20. Rad1 a5 21.
Bd5 a4 22. Be4 axb3 23. Qh4 h6 24. axb3 Rxb3 25. Rf3 Rc3 26. Rdf1 Re8 27. Rxf6 Rxc4 28. Qxh6+ Kg8 29. Qh7+ Kf8 30. Qh8# 1-0

[Event "*** Titled Tuesday Blitz"]
[Site "Chess.com"]
[Date "2020.11.03"]
[Round "11"]
[White "Jenia84"]
[Black "jonaszmb"]
[Result "0-1"]
[WhiteElo "2330"]
[BlackElo "2427"]
[TimeControl "180+1"]
[EndTime "12:09:27 PST"]
[Termination "jonaszmb won by resignation"]

1. Nf3 g6 2. b3 Bg7 3. Nc3 d5 4. Bb2 d4 5. Nb1 e5 6. c3 c5 7. cxd4 e4 8. Ng1 cxd4 9. d3 Nf6 10. g3 e3 11. fxe3 Ng4 12. exd4 Bxd4 13. Bxd4 Qxd4 14. Qc1 O-O 15. Nc3 Qf2+ 16. Kd2 Rd8 17. Nd5 Nc6 18.
Nh3 Qd4 19. Ndf4 Bf5 20. Bg2 Rac8 21. Qc4 Qe3+ 22. Ke1 Nd4 23. Qb4 Nc2+ 0-1

[Event "*** Titled Tuesday Blitz"]
[Site "Chess.com"]
[Date "2020.11.03"]
[Round "11"]
[White "PawnEatingZombie"]
[Black "zurzan"]
[Result "1-0"]
[WhiteElo "2144"]
[BlackElo "2054"]
[TimeControl "180+1"]
[EndTime "12:09:27 PST"]
[Termination "PawnEatingZombie won by resignation"]

1. d4 d6 2. e4 g6 3. Nc3 c6 4.
g3 Nf6 5. Bg2 Bg7 6. Nge2 O-O 7.
a4 Nbd7 8. O-O e5 9. h3 exd4 10. Nxd4 Re8 11. Re1 Nc5 12. Bf4 Nh5 13. Be3 Ne6 14.
Qd2 Nxd4 15. Bxd4 Nf6 16. Rad1 Be6 17. b3 Qa5 18. Nd5 Qxd2 19. Nxf6+ Bxf6 20. Rxd2 Bxd4 21.
Rxd4 Rad8 22. Red1 d5 23. exd5 cxd5 24. Bxd5 Bxd5 25.
Rxd5 Rxd5 26. Rxd5 Re2 27. Rc5 b6 28. Rc7 a6 29.
Rc6 b5 30. Kf1 Rd2 31. Ke1 Rd5 32. Rxa6 bxa4 33. Rxa4 Rc5 34. Rc4 Rb5 35. Rc3 f5 36.
Kd2 Rd5+ 37. Rd3 Rb5 38. c4 Rb4 39. Kc3 Rb7 40. c5 Re7 41. b4 Re2 42. Rd2 Re6 43.
Kc4 Kf8 44. Kb5 Ke7 45. c6 Re5+ 46. Kb6 1-0

[Event "*** Titled Tuesday Blitz"]
[Site "Chess.com"]
[Date "2020.11.03"]
[Round "11"]
[White "BlixLT"]
[Black "Enriquack"]
[Result "1-0"]
[WhiteElo "2398"]
[BlackElo "2281"]
[TimeControl "180+1"]
[EndTime "12:09:29 PST"]
[Termination "BlixLT won by resignation"]

1. d4 Nf6 2. Bg5 c5 3. d5 Qb6 4. Nc3 Qxb2 5. Bd2 Qb6 6. e4 d6 7. f4 g6 8. Rb1 Qd8 9. Bb5+ Bd7 10. e5 dxe5 11. fxe5 Bxb5 12. exf6 Ba6 13. Nge2 Nd7 14. fxe7 Qxe7 15. O-O Bg7 16. Re1 O-O 17.
Bf4 Rfe8 18. Qd2 Nf6 19. d6 Qd7 20. Ng3 Ng4 21. h3 Bd4+ 22. Kh1 Nf2+ 23. Kh2 h5 24. Nd5 Kg7 25. c3 h4 26. Nh5+ gxh5 27. cxd4 Ne4 28.
Bh6+ Kh8 29. Qf4 Qe6 30. Rxe4 1-0

[Event "*** Titled Tuesday Blitz"]
[Site "Chess.com"]
[Date "2020.11.03"]
[Round "11"]
[White "Nachsueb"]
[Black "Sergey85Rodchenkov"]
[Result "0-1"]
[WhiteElo "2165"]
[BlackElo "2454"]
[TimeControl "180+1"]
[EndTime "12:09:31 PST"]
[Termination "Sergey85Rodchenkov won by resignation"]

1. c4 Nf6 2. Nc3 d5 3. cxd5 Nxd5 4. g3 Nb6 5. Bg2 Nc6 6. d3 g6 7.
Nf3 Bg7 8. O-O O-O 9. a4 a5 10. h4 h6 11. Be3 e5 12. Rc1 Bg4 13. Qd2 Kh7 14. Bxb6 cxb6 15. Nh2 Be6 16. e4 Nd4 17.
Qe3 h5 18. Nd5 Bh6 19. f4 Bxd5 20. exd5 Re8 21. Qf2 f5 22. Rce1 Bg7 23. fxe5 Rxe5 24. Rxe5 Bxe5 25. Re1 Qd6 26. Nf1 Rc8 27. Qe3 Bg7 28.
Qg5 Bf6 29. Qd2 Kg7 30. Ne3 Qxg3 31. Nf1 Nf3+ 32. Kh1 Qxh4+ 33. Bh3 Qxh3+ 34. Nh2 Nxd2 0-1

[Event "*** Titled Tuesday Blitz"]
[Site "Chess.com"]
[Date "2020.11.03"]
[Round "11"]
[White "glebus008"]
[Black "Bodnar_Mykola"]
[Result "0-1"]
[WhiteElo "2307"]
[BlackElo "2404"]
[TimeControl "180+1"]
[EndTime "12:09:31 PST"]
[Termination "Bodnar_Mykola won by resignation"]

1. e4 c5 2. Nf3 d6 3. d4 cxd4 4. Qxd4 Nc6 5. Bb5 Bd7 6. Bxc6 Bxc6 7. Nc3 Nf6 8. Bg5 e6 9. O-O-O Be7 10. Rhe1 h6 11. Bh4 g5 12. Bg3 e5 13. Qd3 Qa5 14. Kb1 b5 15. Bxe5 dxe5 16. Nxe5 Bb7 17.
Nd5 Rd8 18. Qf3 Rxd5 19. exd5 Bxd5 20. Rxd5 Qxe1+ 21. Rd1 Qa5 22. Qa8+ Bd8 23. Qc6+ Kf8 24. Qb7 Bc7 25. Rd8+ Kg7 26. Rd1 Bxe5 0-1

[Event "*** Titled Tuesday Blitz"]
[Site "Chess.com"]
[Date "2020.11.03"]
[Round "11"]
[White "giantslayer83"]
[Black "Nikolaj_6"]
[Result "0-1"]
[WhiteElo "2700"]
[BlackElo "2574"]
[TimeControl "180+1"]
[EndTime "12:09:33 PST"]
[Termination "Nikolaj_6 won on time"]

1. d4 Nf6 2. c4 c5 3. Nf3 cxd4 4.
Nxd4 e5 5. Nb5 d5 6. cxd5 Bc5 7. e3 O-O 8. N5c3 Qe7 9. Be2 e4 10. Nd2 Rd8 11. Qc2 Bf5 12. g4 Nxg4 13. Ndxe4 Bb4 14. Bd3 Rxd5 15. Bd2 Rxd3 16. Qxd3 Bxc3 17. Qxc3 Qxe4 18. f3 Qxf3 19. Rf1 Qd5 20. O-O-O Qe4 21. Rxf5 Qxf5 22. e4 Qe6 23. h3 Na6 24. Kb1 Qxe4+ 25. Ka1 Nf6 26. Rg1 Qc6 27. Qg3 g6 28. Qh4 Ne4 29. Be3 Nb4 0-1

[Event "*** Titled Tuesday Blitz"]
[Site "Chess.com"]
[Date "2020.11.03"]
[Round "11"]
[White "lolo9292"]
[Black "Bigfish1995"]
[Result "1-0"]
[WhiteElo "2527"]
[BlackElo "2968"]
[TimeControl "180+1"]
[EndTime "12:09:34 PST"]
[Termination "lolo9292 won on time"]

1. d4 Nf6 2. c4 e6 3. Nc3 Bb4 4. Nf3 O-O 5. Bd2 Re8 6. e3 d6 7.
Bd3 e5 8. Bc2 Bg4 9. O-O Nc6 10. d5 Na5 11. b3 c5 12. h3 Bh5 13.
Ne4 Nxe4 14. Bxb4 Bxf3 15. Qxf3 Ng5 16. Qg4 cxb4 17. h4 f5 18. Bxf5 Nf7 19. Be6 Qf6 20. f4 e4 21. Qh3 Kh8 22. g4 Nd8 23. g5 Qe7 24. Bd7 Rf8 25. h5 b6 26. h6 g6 27. Bg4 Nab7 28. Qg2 Nc5 29. Qb2+ Kg8 30. Rad1 a5 31. Kh2 a4 32. bxa4 Rxa4 33. Kh3 Ra3 34.
Qd4 Rxa2 35. f5 gxf5 36. Bxf5 Rf7 37. g6 hxg6 38. Bxg6 Rh7 39. Bxh7+ Kxh7 40. Rg1 Qd7+ 41. Rg4 Rh2+ 42. Kxh2 Qxg4 43. Rg1 Qh5+ 44. Kg2 Qe5 45. Qd1 b3 46. Qg4 Nf7 47. Kh3 Nxh6 48. Qg6+ 1-0

[Event "*** Titled Tuesday Blitz"]
[Site "Chess.com"]
[Date "2020.11.03"]
[Round "11"]
[White "Orest_Vovk"]
[Black "annamaja"]
[Result "1-0"]
[WhiteElo "2457"]
[BlackElo "2315"]
[TimeControl "180+1"]
[EndTime "12:09:35 PST"]
[Termination "Orest_Vovk won by resignation"]

1. h4 d5 2. h5 h6 3. e4 dxe4 4. Nc3 Nf6 5. Qe2 Qd4 6. Rh4 e6 7. Qb5+ c6 8. Qe2 Be7 9. Nxe4 Nxe4 10. Rxe4 Qc5 11. d4 Qb6 12. Nf3 Nd7 13. Rg4 Bf6 14. c3 Nf8 15. Bf4 Bd7 16. O-O-O O-O-O 17. Ne5 Be8 18. Nc4 Qb5 19. Nd6+ Rxd6 20. Qxb5 cxb5 21. Bxd6 Bc6 22.
f3 Nd7 23. Bd3 a6 24. Be4 Rd8 25. Bxc6 bxc6 26. f4 Nb6 27. Be5 Nc4 28. Bxf6 gxf6 29. Rg7 Rd5 30. g4 Rd7 31. g5 fxg5 32. fxg5 hxg5 33.
h6 Ne3 34. h7 Rd8 35. Rg8 Nxd1 36. Kxd1 1-0

[Event "*** Titled Tuesday Blitz"]
[Site "Chess.com"]
[Date "2020.11.03"]
[Round "11"]
[White "ciucas1892"]
[Black "lacafi"]
[Result "1-0"]
[WhiteElo "2249"]
[BlackElo "2085"]
[TimeControl "180+1"]
[EndTime "12:09:37 PST"]
[Termination "ciucas1892 won by resignation"]

1. e4 c6 2. d4 d5 3. exd5 cxd5 4. c4 Nf6 5. Nc3 Nc6 6. Nf3 Bg4 7. cxd5 Nxd5 8. Be2 e6 9. O-O Be7 10. h3 Bh5 11. Qb3 Bxf3 12. Bxf3 Nxd4 13. Qa4+ Nc6 14. Nxd5 exd5 15. Rd1 O-O 16. Bxd5 Qb6 17. Be3 Qxb2 18.
Rab1 Qa3 19. Qxa3 Bxa3 20. Rxb7 Ne5 21. Rb3 Be7 22. Bxa8 Rxa8 23. Bf4 Bf6 24. Bxe5 Bxe5 25. g3 g6 26. f4 Bg7 27. Kf2 Rc8 28. Rd2 h5 29. a4 Rc1 30. Rb8+ Kh7 31. Rb7 Rc4 32.
Rxf7 Kg8 33. Rdd7 Bd4+ 34. Kf3 Rxa4 35. g4 hxg4+ 36. hxg4 Ra3+ 37. Ke4 Bb2 38. f5 1-0

[Event "*** Titled Tuesday Blitz"]
[Site "Chess.com"]
[Date "2020.11.03"]
[Round "11"]
[White "SantoBlue"]
[Black "chessdjw"]
[Result "1-0"]
[WhiteElo "2890"]
[BlackElo "2682"]
[TimeControl "180+1"]
[EndTime "12:09:42 PST"]
[Termination "SantoBlue won on time"]

1. e4 c5 2. Nf3 d6 3. d4 cxd4 4. Nxd4 Nf6 5. Nc3 a6 6. a3 e5 7.
Nf5 d5 8. Bg5 d4 9. Bxf6 gxf6 10. Nb1 Qb6 11. Nd2 Qxb2 12. Bc4 Be6 13. Rb1 Qc3 14.
Bxe6 fxe6 15. Qh5+ Kd8 16. Qf7 exf5 17. Qxf6+ Kc8 18. Qxh8 Nd7 19. exf5 e4 20. Qxh7 e3 21. O-O exd2 22. f6 Qxa3 23. Qe4 Bb4 24. f7 Qc3 25. Qe8+ Kc7 26. Qxa8 a5 27. h4 Qxc2 28. h5 Qf5 29.
Qe8 Qg4 30. h6 Bd6 31. h7 Nf6 32. h8=Q Nxe8 33. fxe8=Q Qf4 34. g3 Qe5 35. Rbc1+ 1-0

[Event "*** Titled Tuesday Blitz"]
[Site "Chess.com"]
[Date "2020.11.03"]
[Round "11"]
[White "SanchezKelvin"]
[Black "Iskusnyh"]
[Result "0-1"]
[WhiteElo "2429"]
[BlackElo "2568"]
[TimeControl "180+1"]
[EndTime "12:09:42 PST"]
[Termination "Iskusnyh won by resignation"]

1. d4 d5 2. c4 c6 3. Nf3 Nf6 4. Nc3 a6 5. cxd5 cxd5 6. Bf4 Nc6 7. e3 Bg4 8. Qb3 Na5 9. Qa4+ b5 10. Qc2 Rc8 11. a3 e6 12. Ne5 Bf5 13. Bd3 Bxd3 14.
Nxd3 Ne4 15. O-O Be7 16. f3 Nxc3 17. bxc3 Nc4 18. a4 g5 19. Be5 f6 20. Bg3 Nxe3 21.
Qe2 Nxf1 22. Rxf1 Qd7 23. axb5 axb5 24. f4 O-O 25. fxg5 fxg5 26. Ne5 Rxf1+ 27. Qxf1 Qe8 28. Qd3 b4 29. cxb4 Rc1+ 30. Kf2 Bxb4 31. h3 Qf8+ 32. Nf3 Be1+ 33. Ke2 Bxg3 34. Qe3 Rc2+ 35. Kd3 Qf5+ 0-1